 Dungeon Crawl Stone Soup version 0.27.1-15-g792fb953b9 (webtiles) character file.

Game seed: 4113263462948021994

11 croobank the Stinger (level 2, 0/19 HPs)
             Began as a Barachi Venom Mage on Nov 19, 2021.
             Slain by a ball python (1 damage)
             ... on level 1 of the Dungeon.
             The game lasted 00:03:43 (540 turns).

croobank the Stinger (Barachi Venom Mage)            Turns: 540, Time: 00:03:44

Health: 0/19       AC:  2    Str:  9    XL:     2   Next: 25%
Magic:  0/5        EV: 12    Int: 15    God:
Gold:   16         SH:  0    Dex: 12    Spells: 4/5 levels left

rFire    . . .     SeeInvis .   (no weapon)
rCold    . . .     Faith    .   (no shield)
rNeg     . . .     Spirit   .   a - +0 robe
rPois    .         Reflect  .   (no helmet)
rElec    .         Harm     .   (no cloak)
rCorr    .         Rampage  .   (no gloves)
Will     .....                  (no boots)
Stlth    ++........             (no amulet)
HPRegen  0.06/turn              (no ring)
MPRegen  0.09/turn              (no ring)

@: mighty, unable to hop, slow
A: amphibious, slowness 1, strong legs 1, +LOS
a: Hop


You were on level 1 of the Dungeon.
You visited 1 branch of the dungeon, and saw 1 of its levels.

You collected 16 gold pieces.

Inventory:

Armour
 a - a +0 robe (worn)
Potions
 b - a potion of might


   Skills:
 + Level 2.2 Dodging
 + Level 1.9 Stealth
 + Level 0.4 Unarmed Combat
 + Level 2.1 Spellcasting
 + Level 1.1 Transmutations
 + Level 3.8 Poison Magic


You had 4 spell levels left.
You knew the following spells:

 Your Spells              Type           Power      Damage    Failure   Level
a - Sting                 Tmut/Pois      36%        1d4       8%          1

Your spell library contained the following spells:

 Spells                   Type           Power      Damage    Failure   Level
 Poisonous Vapours        Pois/Air       14%        N/A       16%         2
 Mephitic Cloud           Conj/Pois/Air  5%         N/A       36%         3
 Olgreb's Toxic Radiance  Pois           13%        N/A       41%         4


Dungeon Overview and Level Annotations

Branches:
Dungeon (1/15)

Altars:


Innate Abilities, Weirdness & Mutations

You are amphibious.
You cover ground slowly.
You can hop short distances.
You have an extended range of vision and can be seen from far away.


Message History

The ball python grabs you. The ball python constricts you.
You escape the ball python's grasp.
Aiming: Sting (safe; 9% risk of failure)
Press: ? - help, Q - select action, (/) - cycle Shift-Dir - straight line, f - kobold, p - ball python
Aim: a kobold, wielding a +0 short sword (60% to hit)
The sting hits the endoplasm but does no damage.
The endoplasm is poisoned.
The endoplasm misses you.
Aiming: Sting (safe; 9% risk of failure)
Press: ? - help, Q - select action, (/) - cycle Shift-Dir - straight line, f/p - kobold
Aim: a kobold, wielding a +0 short sword (60% to hit)
The sting hits the endoplasm.
The endoplasm looks even sicker.
The endoplasm is moderately wounded.
The ball python bites you.
* * * LOW HITPOINT WARNING * * *
The ball python barely misses you. The endoplasm freezes you.
You are frozen.
* * * LOW HITPOINT WARNING * * *
The ball python bites you.
* * * LOW HITPOINT WARNING * * *
The ball python misses you.
It was a potion of might.
You feel very mighty all of a sudden. The endoplasm hits you.
* * * LOW HITPOINT WARNING * * *
The kobold hits the plant with a +0 short sword.
The plant begins to die.
The ball python bites you but does no damage.
The ball python closely misses you.
Your magical contamination has completely faded away.
The kobold hits the plant with a +0 short sword.
You hit the endoplasm.
You kill the endoplasm!
The ball python closely misses you. x2
You barely miss the ball python. The ball python bites you.
* * * LOW HITPOINT WARNING * * *
The ball python barely misses you.
You barely miss the kobold. The ball python bites you.
You die... ..
PP♣

#....# .## #.# ##....#
...#.# #.....#
...#.#.#.##########.....#
$........................
####
#...##♣..♣#######.....##
... ♣♣.P..♣ .......... .
## ♣♣PSKP.♣ ####.....#.
..## ♣..P@♣♣# .........
#...######.♣...♣♣♣
........JP .#
b.......♣P.. ...........
#.#.....# ...♣P
........... ##.# #.♣..♣
#.........# ..#rg?#
.....# .......# ..#(.)#
.### ##..... ..#..$#
##.####


You could see a ball python and a kobold.

Vanquished Creatures
  2 bats (D:1)
  An endoplasm (D:1)
  A giant cockroach (D:1)
  2 hobgoblins (D:1)
  A quokka (D:1)
  2 ball pythons (D:1)
  A rat (D:1)
10 creatures vanquished.

Notes
Turn   | Place    | Note
-------+----------+-------------------------------------------
     0 | D:1      | croobank the Barachi Venom Mage began the quest for the
                  | Orb.
     0 | D:1      | Reached XP level 1. HP: 13/13 MP: 3/3
   255 | D:1      | Reached XP level 2. HP: 6/19 MP: 5/5
   540 | D:1      | Slain by a ball python

Illustrated notes

Levels and vault maps discovered:
D:1:      eino_arrival_cavern_a, layout_basic, serial_forest,
          infiniplex_forest_diagonal, infiniplex_forest_straight_4,
          infiniplex_forest_clump_double, infiniplex_forest_clump_C,
          infiniplex_forest_lined_room_, infiniplex_forest_corner_1,
          infiniplex_forest_lined_ring, amcnicky_mini_pool_small,
          minmay_misc_feat_alley, minmay_vboxes

Action                   || total
-------------------------++-------
Melee: Unarmed           ||    33
 Cast: Sting             ||    13
 Abil: Hop               ||     1
  Use: Scroll            ||     2
       Potion            ||     1
Armor: Robe              ||    10
Dodge: Dodged            ||    43
